 Dungeon Crawl Stone Soup version 0.21.1-1-g345015f (webtiles) character file.

112 kae the Skirmisher (level 4, 0/37 HPs)
             Began as a Demonspawn Monk on Apr 25, 2018.
             Slain by a goblin
             ... wielding a +0 dagger
              (3 damage)
             ... on level 2 of the Dungeon.
             The game lasted 00:02:20 (2769 turns).

kae the Skirmisher (Demonspawn Monk)                Turns: 2769, Time: 00:02:21

Health: 0/37       AC:  2    Str: 12    XL:     4   Next: 63%
Magic:  4/4        EV: 14    Int: 11    God:
Gold:   99         SH:  0    Dex: 16    Spells: 3/3 levels left

rFire    . . .     SeeInvis .     - Unarmed
rCold    + . .     Gourm    .   (no shield)
rNeg     . . .     Faith    .   a - +0 robe
rPois    .         Spirit   .   (no helmet)
rElec    .         Reflect  .   (no cloak)
rCorr    .         Harm     .   (no gloves)
MR       +....                  (no boots)
Stlth    ++........             (no amulet)
HPRegen  0.12/turn              f - ring of protection from magic
MPRegen  0.09/turn              (no ring)

@: about to teleport
A: claws 1, cold resistance 1, freezing cloud immunity
a: no special abilities


You were on level 2 of the Dungeon.
You were not hungry.

You visited 1 branch of the dungeon, and saw 3 of its levels.

You collected 99 gold pieces.

Inventory:

Armour
 a - a +0 robe (worn)
Jewellery
 f - a ring of protection from magic (left claw)
Scrolls
 d - a scroll of teleportation
 g - a scroll of immolation
 j - a scroll of identify {unknown}
Potions
 c - a potion of magic {unknown}
 e - a potion of might {unknown}
 i - 2 potions of haste {unknown}
Comestibles
 b - 2 rations
 h - 3 chunks of flesh


   Skills:
 + Level 3.7 Fighting
 + Level 3.4 Dodging
 + Level 2.8 Stealth
 + Level 3.3 Unarmed Combat


You had 3 spell levels left.
You didn't know any spells.

Dungeon Overview and Level Annotations

Branches:
Dungeon (3/15)

Altars:
Uskayaw
Zin


Innate Abilities, Weirdness & Mutations

You have sharp fingernails.
Your flesh is cold resistant. (rC+)
You are immune to freezing clouds.


Message History

Unknown command.
As you read the scroll of teleportation, it crumbles to dust.
You feel strangely unstable. The jackal completely misses you.
The adder barely misses you. The goblin hits you with a dagger.
The adder bites you. The orc hits you. The orc hits you with a dagger.
The rat barely misses you. The orc barely misses you.
The jackal closely misses you. The adder barely misses you.
The adder closely misses you. The goblin closely misses you.
The jackal misses you. The orc barely misses you. The orc closely misses you.
The rat barely misses you.
You climb upwards.
There is a stone staircase leading down here.
Unknown command.
Unknown command.
You closely miss the rat. The jackal closely misses you.
The orc hits you with a flail of protection!
* * * LOW HITPOINT WARNING * * *
The goblin hits you with a dagger.
You die...

.........#...##..### ####.##.#
###..###.#....#..# ####.# #..#
#.#..#.#..# #######.# #..#
#.#..#....# #.......# #..#
#.#..##...# #.......##
#..###.#..##...# #.........
#....#.#..###..# #.)....###
###............go#######......#
..............Sh@rS........(..#
.#####.#.#%####o########......###
.........#.####o### #.....†...
#.................# #.........
#...#.#....###..### ######....
...^#.#...## #<.# #####
##..#.#...# #..# #..#.#.#.# #.##
##....#...# #.#


You could see 2 adders, 3 orcs, a jackal, a goblin and a rat.

Vanquished Creatures
  3 gnolls (D:2)
  3 adders (D:2)
  An ooze (D:1)
  A dart slug (D:1)
  A leopard gecko (D:2)
  An orc (D:2)
  5 bats
  6 hobgoblins
  A jackal (D:2)
  8 kobolds
  3 quokkas (D:2)
  3 ball pythons
  2 frilled lizards
  5 goblins
  5 rats
48 creatures vanquished.

Notes
Turn   | Place    | Note
-------+----------+-------------------------------------------
     0 | D:1      | kae the Demonspawn Monk began the quest for the Orb.
     0 | D:1      | Reached XP level 1. HP: 18/18 MP: 1/1
   259 | D:1      | Gained mutation: Your flesh is cold resistant. (rC+) [demonic ancestry]
   259 | D:1      | Reached XP level 2. HP: 19/24 MP: 2/2
  1326 | D:2      | Found a glowing silver altar of Zin.
  1395 | D:2      | Gained mutation: You have sharp fingernails. [demonic ancestry]
  1395 | D:2      | Reached XP level 3. HP: 20/29 MP: 3/3
  1896 | D:2      | Gained mutation: You are immune to freezing clouds. [demonic ancestry]
  1896 | D:2      | Reached XP level 4. HP: 24/35 MP: 4/4
  2031 | D:2      | Found a hide-covered altar of Uskayaw.
  2769 | D:2      | Slain by a goblin

Skill      XL: |  1  2 |
---------------+-------+-----
Stealth        | 2 |  2.8
Dodging        | 3 |  3.4
Unarmed Combat | 3 |  3.3
Fighting       | |  3.7

Action                   |  1- 3 |  4- 6 || total
-------------------------+-------+-------++-------
Melee: Unarmed           |   149 |    69 ||   218
       Punch             |     2 |     1 ||     3
  Use: Scroll            |     3 |     1 ||     4
 Stab: Sleeping          |     3 |     1 ||     4
  Eat: Chunk             |     3 |     3 ||     6
Armor: Robe              |    20 |     6 ||    26
Dodge: Dodged            |    80 |    71 ||   151
